 Dungeon Crawl Stone Soup version 0.26-a0-663-g36e8fdb655 (webtiles) character file.

Game seed: 5078075099232673687

133 jasper the Bolt Thrower (level 5, -1/31 HPs)
             Began as a Kobold Arcane Marksman on Oct 11, 2020.
             Slain by a hornet zombie (12 damage)
             ... on level 4 of the Dungeon.
             The game lasted 00:05:18 (3246 turns).

jasper the Bolt Thrower (Kobold Arcane Marksman)    Turns: 3246, Time: 00:05:19

Health: -1/31      AC:  5    Str:  4 (7)  XL:     5   Next: 39%
Magic:  6/6        EV: 11    Int: 13 (16) God:
Gold:   153        SH:  4    Dex: 14 (15) Spells: 1/6 levels left

rFire    . . .     SeeInvis .   a - +0 hand crossbow
rCold    . . .     Faith    .   f - +0 buckler
rNeg     . . .     Spirit   .   i - +0 ring mail {MR+}
rPois    .         Reflect  .   (no helmet)
rElec    .         Harm     .   (no cloak)
rCorr    +         Rampage  .   (no gloves)
MR       +....                  (no boots)
Stlth    ++........             (no amulet)
HPRegen  0.10/turn              p - ring of wizardry (curse)
MPRegen  0.10/turn              s - ring of resist corrosion

@: brilliant
A: small, nightstalker 3
a: no special abilities


You were on level 4 of the Dungeon.
You visited 1 branch of the dungeon, and saw 4 of its levels.

You collected 153 gold pieces.

Inventory:

Hand Weapons
 a - a +0 hand crossbow (weapon)
 b - a +2 short sword of venom
Missiles
 d - 11 bolts (quivered)
Armour
 c - a +0 ring mail
 e - a +0 robe
 f - a +0 buckler (worn)
 i - a +0 ring mail of magic resistance (worn)
 n - a +0 helmet
Jewellery
 p - a cursed ring of wizardry (left hand)
 s - a ring of resist corrosion (right hand)
 t - an uncursed ring of magical power
 u - an uncursed ring of ice
Scrolls
 g - 2 scrolls of enchant armour
 l - 4 scrolls of identify
 o - a scroll of remove curse {unknown}
 q - a scroll of magic mapping {unknown}
 r - a scroll of fog {unknown}
Potions
 h - 3 potions of might
 k - a potion of curing
 v - a potion of ambrosia {unknown}


   Skills:
 + Level 2.4 Fighting
 * Level 4.3 Crossbows
 + Level 1.4 Armour
 + Level 3.5 Dodging
 - Level 1.1 Spellcasting
 - Level 3.0 Hexes


You had one spell level left.
You knew the following spells:

 Your Spells              Type           Power        Failure   Level
a - Corona                Hex            ##.....      30%         1
b - Portal Projectile     Hex/Tloc       #.....       83%         3
c - Apportation           Tloc           #.....       69%         1

Your spell library contained the following spells:

 Spells                   Type           Power        Failure   Level
 Animate Skeleton         Necr           #.....       69%         1
 Summon Small Mammal      Summ           #...         69%         1
 Slow                     Hex            ##......     41%         2
 Inner Flame              Hex/Fire       #.......     83%         3
 Cause Fear               Hex            ##........   95%         4
 Leda's Liquefaction      Hex/Erth       #.........   99%         4


Dungeon Overview and Level Annotations

Branches:
Dungeon (4/15)
 Temple: D:4-7

Altars:


Innate Abilities, Weirdness & Mutations

You are small and have problems with some larger weapons.
You are completely attuned to the shadows.


Message History

You take 7 damage, and have 13/31 hp.
MASSIVE DAMAGE!!
Firing (i - inventory)
d - 12 bolts (quivered)
Press: ? - help, Shift-Dir - straight line, f/p - hornet zombie
Aim: a hornet zombie (moderately damaged)
You shoot a bolt. The bolt hits the hornet zombie.
The hornet zombie is moderately damaged.
The hornet zombie barely misses you. The hornet zombie hits you.
* * * LOW HITPOINT WARNING * * *
You take 6 damage, and have 7/31 hp.
You feel better. The hornet zombie misses you.
You regained 9 hp, and now have 16/31 hp.
It was a potion of brilliance.
You feel clever all of a sudden. The hornet zombie hits you.
You take 5 damage, and have 11/31 hp.
It was a potion of degeneration.
There was something very wrong with that liquid.
You feel weakened.
You feel dopey.
You feel clumsy. You block the hornet zombie's attack.
The hornet zombie hits you!
You die...

#.# #.##.# ### #.#
#.##.# #.. #.###.##.#
#.##### #..##.##.#
#.##..##
#...#.##.####(#..#.###
.............(..###..+
#...#.#######..## ##.#
##.##.# ###z###.##
####.# ##@#.## #.#
##.## #.# #.# #.# #..


You could see a hornet zombie.

Vanquished Creatures
  A howler monkey (D:2)
  An adder (D:4)
  4 worms
  2 dart slugs
  A leopard gecko (D:2)
  4 orcs (D:3)
  4 giant cockroaches
  5 goblins
  6 hobgoblins
  8 jackals
  5 kobolds
  8 bats
  7 frilled lizards
  5 rats (D:1)
61 creatures vanquished.

Notes
Turn   | Place    | Note
-------+----------+-------------------------------------------
     0 | D:1      | jasper the Kobold Arcane Marksman began the quest for the
                  | Orb.
     0 | D:1      | Reached XP level 1. HP: 12/12 MP: 2/2
   131 | D:1      | Reached XP level 2. HP: 11/16 MP: 3/3
   442 | D:1      | Reached skill level 3 in Crossbows
   773 | D:1      | Reached XP level 3. HP: 20/20 MP: 4/4
  1102 | D:2      | Reached skill level 1 in Armour
  1102 | D:2      | Reached XP level 4. HP: 21/26 MP: 5/5
  1348 | D:2      | Learned a level 3 spell: Portal Projectile
  1766 | D:2      | Reached skill level 4 in Crossbows
  1990 | D:3      | Learned a level 1 spell: Apportation
  2240 | D:3      | Reached XP level 5. HP: 30/30 MP: 6/6
  3239 | D:4      | HP: 1/31 [hornet zombie (2)]
  3246 | D:4      | Slain by a hornet zombie

Illustrated notes

Levels and vault maps discovered:
D:1:      ncdulo_smallfort, layout_loops_corners, st_stairs_6,
          minmay_pentomino_z2
D:2:      minmay_general_purpose_star, layout_loops_ring
D:3:      layout_basic
D:4:      layout_loops_corners, gammafunk_ghost_icy, uniq_pikel

Skill      XL: |  1  2  3  4 |
---------------+-------------+-----
Crossbows      | 3 4 |  4.3
Fighting       | 2 |  2.4
Armour         | 1 |  1.4
Dodging        | 3 |  3.5
Spellcasting   | |  1.1
Hexes          | |  3.0

Action                   |  1- 3 |  4- 6 || total
-------------------------+-------+-------++-------
Melee: Short sword       |       |    26 ||    26
 Fire: Hand crossbow     |    67 |    85 ||   152
  Use: Potion            |       |     5 ||     5
       Scroll            |       |     2 ||     2
Armor: Ring mail         |    16 |    12 ||    28
Dodge: Dodged            |    24 |    38 ||    62
Block: Buckler           |     3 |    20 ||    23

Table legend: (Time is in decaauts)
 A = Elapsed time spent in this place.
 B = Non-inter-level travel time spent in this place.
 C = Inter-level travel time spent in this place.
 D = Time resting spent in this place.
 E = Time spent auto-exploring this place.
 F = Levels seen in this place.
 G = Mean time per level.
                   A        B        C        D        E       F      G
               +--------+--------+--------+--------+--------+-----+--------+
         Total |   3293 |   3224 |     69 |     50 |   2738 |   4 |  823.2 |
       Dungeon |   3293 |   3224 |     69 |     50 |   2738 |   4 |  823.2 |
               +--------+--------+--------+--------+--------+-----+--------+

Top non-repeatable levels by time:
     D:3: 1205 daAuts
     D:1: 1119 daAuts
     D:2: 879 daAuts
     D:4: 88 daAuts
